 Dungeon Crawl Stone Soup version 0.24.0-123-gd5b16e6ec5 (webtiles) character file.

Game seed: 13971894942256384206, levelgen mode: deterministic

0 glosham the Skirmisher (level 1, -11/18 HPs)
             Began as a Mummy Abyssal Knight on Jan 14, 2020.
             Was a Follower of Lugonu.
             Killed from afar by an efreet (28 damage)
             ... with a fireball
             ... on level 1 of the Abyss.
             The game lasted 00:00:59 (51 turns).

glosham the Skirmisher (Mummy Abyssal Knight)         Turns: 51, Time: 00:00:59

Health: -11/18     AC:  3    Str: 15    XL:     1   Next: 0%
Magic:  2/2        EV: 11    Int: 11    God:    Lugonu [*.....]
Gold:   0          SH:  0    Dex: 11    Spells: 0/0 levels left

rFire    x . .     SeeInvis .   a - +1 spear
rCold    + . .     Gourm    .   (no shield)
rNeg     + + +     Faith    .   b - +0 leather armour
rPois    ∞         Spirit   .   (no helmet)
rElec    .         Reflect  .   (no cloak)
rCorr    .         Harm     .   (no gloves)
MR       .....                  (no boots)
Stlth    +.........             (no amulet)
HPRegen  0.06/turn              (no ring)
MPRegen  0.08/turn              (no ring)

@: no status effects
A: no food or potions, fire vulnerability, cold resistance 1, negative energy
resistance 3, torment resistance, unbreathing
a: Depart the Abyss, Renounce Religion


You were on level 1 of the Abyss.
You worshipped Lugonu.
Lugonu was aware of your devotion.
You were not hungry.

You visited 0 branches of the dungeon, and saw 0 of its levels.
You visited the Abyss 1 time.

Inventory:

Hand Weapons
 a - a +1 spear (weapon)
Armour
 b - a +0 leather armour (worn)


   Skills:
 - Level 3.0 Fighting
 - Level 1.5 Polearms
 - Level 1.5 Armour
 - Level 0.7 Dodging
 * Level 0.0 Spellcasting
 - Level 1.5 Invocations


You couldn't memorise any spells.
You didn't know any spells.
Your spell library was empty.

Dungeon Overview and Level Annotations

Branches:
Dungeon (0/15)

Altars:


Innate Abilities, Weirdness & Mutations

You do not eat or drink.
Your flesh is vulnerable to fire.
You are immune to poison.
Your flesh is cold resistant. (rC+)
You are immune to negative energy. (rN+++)
You are immune to unholy pain and torment.
You can survive without breathing.


Message History

Welcome, glosham the Mummy Abyssal Knight.
Will you prevail where others failed? Will you find the Orb of Zot?
Lugonu says: Depart the Abyss and spread corruption, my servant! (use the ability menu to exit the Abyss) Press ? for a list of commands and other information.
Found a corrupted altar of Lugonu.
Found 10 gold pieces.
You see here 10 gold pieces.
A small abomination comes into view.
The rakshasa gestures at you. The orb of energy misses you.
The rakshasa blinks!
Found a pink potion.
Found a hunting sling.
A tentacled starspawn comes into view.
A tentacle flies out from the starspawn's body!
A starspawn tentacle comes into view.
A neqoxec comes into view.
The neqoxec shouts!
Tentacles burst from the starspawn's body! 2 starspawn tentacles come into view.
The starspawn tentacle grabs you. The starspawn tentacle constricts you.
You escape the starspawn tentacle's grasp.
An iron imp and an efreet come into view.
The efreet is wielding a +1 scimitar of flaming.
The iron imp shouts, "Flee, thou spongy hand-wound tiler!"
The efreet gestures at you.
The fireball explodes!
The fireball engulfs you!! The fire burns you terribly!
Ouch! That really hurt!
You die...

..#.#........§...
##.. #.....#...
#.#.#####...###..
#...#.#.3..R ...
#............. #
......X)...
####...x........
#.#...#.#... .#...
#...@.###...###..
....#..#..#.....#...
. #...###...........
#.#. .R......... #.
# .○......... #.
°#○....#... #
###...### . .§5.


You could see an efreet, a small abomination and an iron imp.

Vanquished Creatures (others)
  4 starspawn tentacles (Abyss:1)
4 creatures vanquished.

Notes
Turn   | Place    | Note
-------+----------+-------------------------------------------
     0 | Abyss:1  | glosham the Mummy Abyssal Knight began the quest for the
                  | Orb.
     0 | Abyss:1  | Reached XP level 1. HP: 18/18 MP: 2/2
    21 | Abyss:1  | Noticed a rakshasa
    25 | Abyss:1  | Noticed a small abomination
    37 | Abyss:1  | Noticed a tentacled starspawn
    44 | Abyss:1  | Noticed a neqoxec
    50 | Abyss:1  | Noticed an iron imp
    50 | Abyss:1  | Noticed an efreet
    51 | Abyss:1  | Killed from afar by an efreet

Levels and vault maps discovered:
Abyss:1

Action                   || total
-------------------------++-------
Dodge: Dodged            ||     1

Table legend:
 A = Turns spent in this place as a percentage of turns spent in the entire game.
 B = Non-inter-level travel turns spent in this place as a percentage of non-inter-level travel turns spent in the entire game.
 C = Inter-level travel turns spent in this place as a percentage of turns spent in this place.
 D = Turns resting spent in this place as a percentage of non-inter-level travel turns spent in this place.
 E = Turns spent auto-exploring this place as a percentage of non-inter-level travel turns spent in this place.
 F = Non-inter-level travel turns spent in this place divided by the number of levels of this place that you've seen.
                   A       B       C       D       E      F
               +-------+-------+-------+-------+-------+----------------------
         Total | 100.0 | 100.0 |   0.0 |   0.0 |   0.0 |  51.0
         Abyss | 100.0 | 100.0 |   0.0 |   0.0 |   0.0 |  51.0
               +-------+-------+-------+-------+-------+----------------------

Levels and vault maps discovered:
Abyss:1
